 Dungeon Crawl Stone Soup version 0.28-a0-1429-gf3d713df7a (webtiles) character file.

Game seed: 4752211358703085315

312419 Deminshera the Corrupter of Planes (level 21, -21/217 HPs)
             Began as a Hill Orc Abyssal Knight on Jan 8, 2022.
             Was the Champion of Lugonu.
             Killed from afar by a deep elf annihilator (71 damage)
             ... with a crystal spear
             ... on level 3 of the Elven Halls.
             The game lasted 01:18:10 (66148 turns).

Deminshera the Corrupter of Planes (HOAK)          Turns: 66148, Time: 01:18:11

Health: -21/217    AC: 24    Str: 31    XL:     21   Next: 30%
Magic:  37/37      EV: 16    Int: 10    God:    Lugonu [******]
Gold:   838        SH: 23    Dex: 11    Spells: 20/20 levels left

rFire   + . .      SeeInvis +   V - +10 morningstar "Eos" {elec, Halo rElec}
rCold   . . .      Faith    .   v - +2 kite shield {rF+}
rNeg    + + +      Spirit   .   N - +6 scale mail of Unambiguity {rF+ rN++ Str+4 Stlth+}
rPois   +          Reflect  +   K - +2 helmet of Greater Demons {Slay+6}
rElec   +          Harm     .   h - +2 cloak "Mitzoacei" {rPois rN+ rCorr SInv}
rCorr   +          Rampage  .   E - +1 pair of gloves "Hahanaq" {rElec rF- Slay+5 Stlth+}
Will    ++...                   (no boots)
Stlth   +.........              u - amulet of reflection
HPRegen 0.46/turn               M - ring of willpower
MPRegen 0.25/turn               A - +4 ring of evasion

@: lethally poisoned (-21 -> -29), about to teleport, glowing
A: poison resistance, robust 1
}: 2/15 runes: serpentine, gossamer
a: Renounce Religion, Depart the Abyss, Bend Space, Banish, Corrupt, Enter the
Abyss


You were on level 3 of the Elven Halls.
You worshipped Lugonu.
Lugonu was exalted by your worship.
You visited 6 branches of the dungeon, and saw 34 of its levels.
You visited the Abyss 2 times.
You visited 1 bazaar.
You also visited: Sewer and Ice Cave.

You collected 3388 gold pieces.
You spent 2550 gold pieces at shops.

Inventory:

Hand Weapons
 c - a +3 vorpal broad axe
 n - a +9 broad axe of distortion
 U - a +3 quick blade of distortion
 V - the +10 morningstar "Eos" (weapon) {elec, Halo rElec}
   (You found it on level 3 of the Elven Halls)

   It occasionally discharges a powerful burst of electricity upon striking a
   foe.
   It grants its wielder a halo, increasing accuracy against those within it.
   rElec:     It insulates you from electricity.
Missiles
 r - 6 throwing nets
Armour
 h - the +2 cloak "Mitzoacei" (worn) {rPois rN+ rCorr SInv}
   (You bought it in a shop on level 2 of the Orcish Mines)

   rPois:     It protects you from poison.
   rN:        It protects you from negative energy.
   SInv:      It lets you see invisible.
   rCorr:     It protects you from acid and corrosion.
 v - a +2 kite shield of fire resistance (worn)
 E - the +1 pair of gloves "Hahanaq" (worn) {rElec rF- Slay+5 Stlth+}
   (You acquired it on level 3 of the Lair of Beasts)

   Slay:      It affects your accuracy & damage with ranged weapons and melee
   (+5).
   rF:        It makes you vulnerable to fire.
   rElec:     It insulates you from electricity.
   Stlth:     It makes you more stealthy.
 K - the +2 helmet of Greater Demons (worn) {Slay+6}
   (You found it on level 1 of the Lair of Beasts)

   Slay:      It affects your accuracy & damage with ranged weapons and melee
   (+6).
 N - the +6 scale mail of Unambiguity (worn) {rF+ rN++ Str+4 Stlth+}
   (You bought it in a shop on level 3 of the Snake Pit)

   Str:       It affects your strength (+4).
   rF:        It protects you from fire.
   rN:        It greatly protects you from negative energy.
   Stlth:     It makes you more stealthy.
Jewellery
 s - a ring of resist corrosion
 u - an amulet of reflection (around neck)
 A - a +4 ring of evasion (right hand)
 F - a ring of willpower
 G - a ring of ice
 M - a ring of willpower (left hand)
 O - an amulet of faith
 W - a ring of see invisible
Wands
 a - a wand of charming (7)
 l - a wand of iceblast (23)
 t - a wand of flame (61)
 x - a wand of mindburst (14)
 H - a wand of polymorph (6)
 R - a wand of paralysis (4)
 S - a wand of acid (16)
Scrolls
 e - a scroll of immolation
 g - 4 scrolls of torment
 j - 3 scrolls of holy word
 m - 4 scrolls of fog
 o - 5 scrolls of blinking
 w - 8 scrolls of teleportation
 y - a scroll of enchant armour
 C - 12 scrolls of identify
 I - 2 scrolls of silence
 P - a scroll of enchant weapon
 Q - 5 scrolls of fear
Potions
 b - a potion of magic
 d - 12 potions of attraction
 f - 11 potions of curing
 i - 8 potions of flight
 k - 2 potions of cancellation
 p - 6 potions of ambrosia
 z - 3 potions of brilliance
 D - 4 potions of heal wounds
 J - 2 potions of might
 L - 2 potions of berserk rage
 T - a potion of mutation
 X - a potion of invisibility
Miscellaneous
 q - a phantom mirror
 B - a phial of floods


   Skills:
 - Level 19.0 Fighting
 - Level 18.0 Axes
 - Level 10.0 Armour
 - Level 5.0 Dodging
 + Level 24.4 Shields
 - Level 25.0 Invocations
 - Level 10.0 Evocations


You had 20 spell levels left.
You didn't know any spells.
Your spell library contained the following spells:

 Spells                   Type           Power      Damage    Failure   Level
 Apportation              Tloc           0%         N/A       58%         1
 Freeze                   Ice            0%         1d3       58%         1
 Sting                    Tmut/Pois      0%         1d3       58%         1
 Blink                    Tloc           0%         N/A       75%         2
 Poisonous Vapours        Pois/Air       0%         N/A       75%         2
 Sublimation of Blood     Necr           0%         N/A       75%         2
 Conjure Flame            Conj/Fire      0%         6-21      92%         3
 Ignite Poison            Fire/Tmut/Pois 0%         N/A       92%         3
 Lesser Beckoning         Tloc           0%         N/A       92%         3
 Mephitic Cloud           Conj/Pois/Air  0%         N/A       92%         3
 Airstrike                Air            0%         N/A       100%        4
 Hailstorm                Conj/Ice       0%         3d3       100%        4
 Olgreb's Toxic Radiance  Pois           0%         N/A       100%        4
 Petrify                  Tmut/Erth      0%         N/A       100%        4
 Sticky Flame             Conj/Fire      0%         2d3       100%        4
 Summon Lightning Spire   Summ/Air       0%         N/A       100%        4
 Alistair's Intoxication  Tmut/Pois      0%         N/A       100%        5
 Freezing Cloud           Conj/Ice/Air   0%         6-21      100%        5
 Irradiate                Conj/Tmut      0%         3d14      100%        5
 Lightning Bolt           Conj/Air       0%         1d11      100%        5
 Manifold Assault         Tloc           0%         N/A       100%        5
 Simulacrum               Ice/Necr       0%         N/A       100%        6
 Polar Vortex             Ice            0%         N/A       100%        9


Dungeon Overview and Level Annotations

Branches:
Dungeon (15/15)            Temple (0/1) D:6            Lair (6/6) D:9
  Snake (4/4) Lair:3       Spider (4/4) Lair:3        Slime (0/5) Lair:5
    Orc (2/2) D:9             Elf (3/3) Orc:2        Vaults (0/5) D:14
 Depths (0/4) D:15          Sewer (visited)           IceCv (visited)

Altars:
Kikubaaqudgha
Qazlal
Trog
Wu Jian
The Shining One
Beogh
Jiyva

Shops:
D:12 [   Orc:1 [   Orc:2 *!?*   Elf:2 ?   Elf:3 (   Snake:3 [[   Snake:4 *

Annotations:
D:15 exclusion: obsidian statue
Abyss:1 Menkaure


Innate Abilities, Weirdness & Mutations

Your system is resistant to poisons. (rPois)
You are robust. (+10% HP)


Message History

The deep elf sorcerer is empowered by the deep elf high priest's aura!
The deep elf death mage beckons forth a restless soul!
You impale the deep elf annihilator!!
The deep elf annihilator is moderately wounded.
You puncture the deep elf annihilator!
The deep elf annihilator is heavily wounded.
The deep elf annihilator mumbles some strange words.
The deep elf annihilator blinks!
The deep elf annihilator points at you and mumbles some strange words.
The iron shot hits you!!
The deep elf sorcerer howls an incantation.
You feel troubled.
The deep elf sorcerer casts a spell at you.
The bolt of acid hits you! You resist.
The deep elf death mage points at you and mumbles some strange words.
The bolt of negative energy misses you.
You are too injured to fight recklessly!
You are too injured to fight recklessly!
Unknown command.
The deep elf annihilator mumbles some strange words.
The deep elf annihilator blinks!
The deep elf high priest invokes the aid of its god against you.
Something smites you!
The deep elf sorcerer drinks a potion.
The deep elf sorcerer seems to grow stronger.
The deep elf death mage casts a spell at you.
The bolt of negative energy hits you but does no damage.
You resist.
The deep elf annihilator gestures at you while chanting.
The poison arrow hits you!!
You are poisoned.
You partially resist.
* * * LOW HITPOINT WARNING * * *
The deep elf annihilator mumbles some strange words.
The deep elf annihilator blinks!
As you read the scroll of teleportation, it crumbles to dust.
You feel strangely unstable.
You feel very sick.
The deep elf annihilator casts a spell at you.
The crystal spear hits you!!!
You die...

#...##)####
#...##)..##
##.##.....##
###.......##
##..)).....##
#...........##
#$.....#......## .
#......###.)....#..
......# ##@.......
...... ##ee.......
...... #..e)e.e...
.........*.........
#.......e.....#...
..........## ..
........ยง## .
..........
...#............


You could see 3 deep elf annihilators, a deep elf death mage (empowered), a deep
elf sorcerer (strong, empowered), a deep elf high priest (brilliance aura) and a
lost soul (summoned).

Vanquished Creatures
  Saint Roka (Snake:3)
  Asterion (Snake:1)
  2 deep elf blademasters (Elf:3)
  A deep elf master archer (Elf:3)
  Frances (D:12)
  Gastronok (Lair:3)
  5 nagarajas (Snake:4)
  8 emperor scorpions
  3 deep elf sorcerers (Elf:3)
  2 frost giants (IceCv)
  5 ghost moths
  Aizul (Snake:1)
  7 deep elf elementalists (Elf:3)
  3 broodmothers
  2 entropy weavers
  3 deep elf demonologists (Elf:3)
  9 deep elf annihilators (Elf:3)
  A white draconian (IceCv)
  Azrael (Snake:2)
  2 spark wasps
  6 deep elf death magi
  2 green deaths (Snake:3)
  Snorg (D:12)
  An ice dragon (IceCv)
  A fire dragon (Lair:6)
  A rakshasa (D:13)
  Josephine (Snake:1)
  5 deep elf high priests (Elf:3)
  2 hydras
  18 naga warriors
  A jorogumo (Spider:1)
  3 salamander tyrants (Snake:4)
  8 vault guards (D:14)
  Erolcha (D:12)
  A catoblepas (Lair:5)
  2 radroaches (Spider:3)
  3 boulder beetles
  An ogre mage (D:11)
  8 centaur warriors
  23 dancing weapons
  11 anacondas
  12 death yaks
  9 two-headed ogres
  A vampire mage (D:15)
  6 shock serpents
  10 naga sharpshooters
  Nergalle (D:12)
  18 deep elf knights
  6 salamander mystics
  9 pharaoh ants
  9 skeletal warriors
  4 steelbarb worms (Spider:1)
  2 sun moths
  11 orb spiders
  An orange crystal statue (IceCv)
  18 deep elf archers
  9 naga ritualists
  A lindwurm (Lair:6)
  11 orc knights
  44 deep elf pyromancers
  A necromancer (D:15)
  30 deep elf zephyrmancers
  A fire giant zombie (D:15)
  A stone giant zombie (D:15)
  16 salamanders
  A manticore (D:13)
  5 orc sorcerers
  33 wolf spiders
  A frost giant zombie (D:15)
  7 mana vipers
  7 cyclopes
  14 ugly things
  8 elephants (Lair:3)
  3 gargoyles
  4 guardian serpents
  An ice statue (Spider:4)
  17 naga magi
  9 cane toads
  A cane toad (shapeshifter) (D:15)
  2 centaur skeletons (D:8)
  7 torpor snails
  2 molten gargoyles (Lair:6)
  38 black mambas
  2 kobold demonologists (D:12)
  An efreet (D:14)
  9 komodo dragons
  7 demonic crawlers
  19 rime drakes
  A hellwing (D:7)
  A tengu conjurer (D:15)
  15 polar bears
  12 meliai
  5 trolls
  2 meliai (shapeshifter)
  A polar bear (shapeshifter) (Elf:2)
  A hornet (shapeshifter) (D:14)
  10 hornets
  3 slime creatures (D:14)
  A wolf spider simulacrum (D:14)
  35 tarantellas
  An ettin zombie (D:15)
  12 blink frogs
  36 jumping spiders
  3 air elementals
  24 culicivoras
  A culicivora (shapeshifter) (Elf:2)
  9 wraiths
  2 water elementals (Elf:3)
  8 wyverns
  2 shadows
  6 fire elementals
  25 yaks
  2 vampires
  8 basilisks
  3 steam dragons
  66 redbacks
  12 vampire mosquitoes
  12 wargs
  41 nagas
  2 acid dragons
  17 water moccasins
  4 hell hounds
  45 orc warriors
  2 necrophages
  4 ice beasts
  2 black bears
  11 ogres
  3 sky beasts
  6 centaurs
  5 boggarts (D:14)
  13 wolves
  9 kobold brigands
  11 bullfrogs
  3 gnoll sergeants
  33 scorpions
  An earth elemental (Elf:1)
  2 wyvern skeletons
  7 killer bees
  2 wights (D:6)
  5 howler monkeys
  3 electric eels
  2 vampire bats (D:3)
  11 centaur zombies
  3 lava snakes (Lair:6)
  4 jellies
  22 orc priests
  4 hounds
  2 bullfrog skeletons
  An iron imp (D:15)
  2 iguanas
  29 orc wizards
  A howler monkey zombie (D:9)
  15 gnolls
  A howler monkey skeleton (D:6)
  9 adders
  2 river rats (Sewer)
  6 shadow imps
  2 white imps
  An ufetubus (D:6)
  A worm (D:3)
  4 dart slugs (D:4)
  103 orcs
  11 bats
  10 endoplasms
  6 giant cockroaches
  15 goblins
  10 hobgoblins
  A jackal (D:2)
  3 quokkas
  7 ball pythons
  3 frilled lizards (D:2)
  26 kobolds
  8 rats
  A butterfly (Lair:1)
1464 creatures vanquished.

Vanquished Creatures (others)
  Nessos (D:14)
  A dancing weapon (Elf:3)
  A deep elf knight (Elf:2)
  A naga ritualist (Snake:3)
  A deep elf pyromancer (Elf:3)
  A water elemental (Elf:3)
  A hell hound (Lair:6)
  A large abomination (D:15)
  An orc wizard (D:6)
  A white imp (D:15)
  An ufetubus (D:15)
  An orc (D:9)
  18 fungi
  32 plants
  12 withered plants
74 creatures vanquished.

Grand Total: 1538 creatures vanquished

Notes
Turn   | Place    | Note
-------+----------+-------------------------------------------
     0 | Abyss:1  | Deminshera the Hill Orc Abyssal Knight began the quest for
                  | the Orb.
     0 | Abyss:1  | Reached XP level 1. HP: 19/19 MP: 2/2
     7 | D:1      | Escaped the Abyss
   246 | D:1      | Reached skill level 1 in Dodging
   246 | D:1      | Reached XP level 2. HP: 25/27 MP: 3/3
   651 | D:1      | Found a faded altar of an unknown god.
   726 | D:1      | Reached skill level 3 in Invocations
   762 | D:1      | Reached XP level 3. HP: 23/33 MP: 5/5
  1396 | D:2      | Reached ** piety under Lugonu
  1732 | D:2      | Reached XP level 4. HP: 4/40 MP: 6/6
  3009 | D:2      | Reached XP level 5. HP: 16/47 MP: 7/7
  3537 | D:3      | Reached skill level 4 in Invocations
  4348 | D:3      | Found a bloodstained altar of Trog.
  4355 | D:3      | Identified the +3 mace of Circularity {drain, Fly rCorr}
  4554 | D:3      | Reached skill level 5 in Fighting
  4562 | D:3      | Reached XP level 6. HP: 36/56 MP: 9/9
  4845 | D:3      | Reached *** piety under Lugonu
  5158 | D:4      | Reached skill level 5 in Axes
  5266 | D:4      | Reached skill level 5 in Invocations
  6021 | D:4      | Reached XP level 7. HP: 58/62 MP: 11/11
  6268 | D:5      | Entered Level 5 of the Dungeon
  6737 | D:4      | Reached skill level 6 in Invocations
  7218 | D:5      | Reached XP level 8. HP: 61/71 MP: 13/13
  7307 | D:5      | Reached skill level 7 in Invocations
  7502 | D:6      | Identified a scroll of acquirement
  7502 | D:6      | Acquired a manual of Fighting
  7533 | D:6      | Found a glowing drain.
  7533 | D:6      | Noticed Menkaure
  7544 | D:6      | Banished Menkaure
  7553 | Sewer    | Entered a sewer
  8381 | Sewer    | Found a white marble altar of Elyvilon.
  8558 | D:6      | Reached skill level 8 in Invocations
  8711 | D:6      | Reached skill level 10 in Fighting
  8711 | D:6      | Found a glowing golden altar of the Shining One.
  9429 | D:5      | Reached XP level 9. HP: 35/86 MP: 15/15
  9873 | D:6      | Reached skill level 1 in Shields
 10836 | D:6      | Found a staircase to the Ecumenical Temple.
 11124 | D:6      | Noticed a komodo dragon
 11131 | D:6      | Banished a komodo dragon
 11774 | D:7      | Noticed a hornet
 11782 | D:7      | Paralysed by a hornet for 2 turns
 11786 | D:7      | Killed a hornet
 11786 | D:7      | Reached **** piety under Lugonu
 12322 | D:7      | HP: 7/144 [killer bee (7)]
 12328 | D:7      | Reached XP level 10. HP: 24/104 MP: 16/16
 13115 | D:7      | HP: 2/104 [hellwing (7)]
 13116 | D:7      | Gained mutation: You are robust. (+10% HP) [potion of
                  | mutation]
 13116 | D:7      | Gained mutation: Your system is resistant to poisons.
                  | (rPois) [potion of mutation]
 13564 | D:7      | Reached skill level 15 in Fighting
 13564 | D:7      | Reached skill level 10 in Axes
 14511 | D:8      | Identified the +7 hand axe "Zawel" {vorpal, Int+3 Dex+2}
 14631 | D:8      | Noticed a two-headed ogre
 14640 | D:8      | Banished a two-headed ogre
 15169 | D:8      | Reached XP level 11. HP: 74/125 MP: 17/17
 16586 | D:9      | Noticed a six-headed hydra
 16611 | D:9      | Banished a six-headed hydra
 16760 | D:9      | Found a staircase to the Orcish Mines.
 17261 | D:9      | Found a staircase to the Lair.
 17470 | D:9      | Reached ***** piety under Lugonu
 17763 | D:10     | Entered Level 10 of the Dungeon
 17775 | D:10     | Noticed a tengu warrior
 17790 | D:10     | Banished a tengu warrior
 17964 | D:10     | Found a stormy altar of Qazlal.
 17965 | D:10     | Found an ornate altar of the Wu Jian Council.
 18170 | D:10     | Found the +18 Lear's hauberk
 18573 | D:11     | Reached skill level 15 in Axes
 18665 | D:11     | Reached XP level 12. HP: 143/143 MP: 18/18
 18693 | D:11     | Noticed a two-headed ogre
 18693 | D:11     | Noticed a two-headed ogre
 18693 | D:11     | Noticed a two-headed ogre
 18694 | D:11     | Noticed an ogre mage
 18694 | D:11     | Noticed a two-headed ogre
 18698 | D:11     | Noticed a two-headed ogre
 18704 | D:11     | Killed a two-headed ogre
 18714 | D:11     | Killed a two-headed ogre
 18720 | D:11     | Killed a two-headed ogre
 18734 | D:11     | Killed an ogre mage
 18741 | D:11     | Killed a two-headed ogre
 18750 | D:11     | Killed a two-headed ogre
 19852 | Lair:1   | Entered Level 1 of the Lair of Beasts
 20559 | Lair:1   | Reached skill level 5 in Shields
 20739 | Lair:1   | Identified the +2 helmet of Greater Demons {Slay+6}
 21466 | Lair:2   | Reached skill level 5 in Armour
 21466 | Lair:2   | Reached XP level 13. HP: 142/150 MP: 19/19
 22463 | Lair:3   | Noticed Gastronok
 22489 | Lair:3   | Killed Gastronok
 22569 | Lair:3   | Found a staircase to the Snake Pit.
 22602 | Lair:3   | Found a hole to the Spider Nest.
 23038 | Lair:3   | Reached skill level 5 in Dodging
 23267 | Lair:3   | Acquired the +1 pair of gloves "Hahanaq" {rElec rF- Slay+5
                  | Stlth+}
 23574 | Lair:3   | Noticed a fire dragon
 23575 | Lair:3   | Found the +11 plutonium sword {Contam Stlth-}
 23596 | Lair:3   | Banished a fire dragon
 23736 | Lair:3   | Identified the +5 scythe "Heaqofun" {spect, rElec rPois
                  | MP+9 Str+7}
 24408 | Lair:4   | Reached XP level 14. HP: 138/160 MP: 20/20
 24585 | Lair:4   | Identified the +0 pair of gloves "Zutruyn" {Str+4 Int+2}
 25063 | Lair:5   | Reached skill level 10 in Shields
 25322 | Lair:5   | Reached skill level 10 in Armour
 25386 | Lair:5   | Found a viscous altar of Jiyva.
 25386 | Lair:5   | Found a staircase to the Slime Pits.
 25983 | Lair:6   | Entered Level 6 of the Lair of Beasts
 26516 | Lair:6   | Found a large runed translucent door.
 26843 | Lair:6   | Found a large runed translucent door.
 28594 | Orc:1    | Entered Level 1 of the Orcish Mines
 28754 | D:9      | Reached skill level 1 in Evocations
 29687 | Orc:2    | Entered Level 2 of the Orcish Mines
 29797 | Orc:2    | Reached ****** piety under Lugonu
 29801 | Orc:2    | Escaped the Abyss
 30102 | Orc:1    | Found Sodurat's Antique Armour Shoppe.
 30156 | Orc:2    | Reached skill level 9 in Invocations
 30494 | Orc:2    | Reached XP level 15. HP: 116/167 MP: 21/21
 30746 | Orc:2    | Found Fear's Distillery.
 30746 | Orc:2    | Found Weif's Assorted Antiques.
 30752 | Orc:2    | Bought a scroll labelled UKON HAOLY for 37 gold pieces
 31306 | Orc:2    | Found a staircase to the Elven Halls.
 31520 | Orc:2    | Found Udeuzuol's Assorted Antiques.
 31533 | Orc:2    | Reached skill level 10 in Invocations
 31535 | Orc:2    | Bought a warped cloak for 247 gold pieces
 31535 | Orc:2    | Identified the +2 cloak "Mitzoacei" {rPois rN+ rCorr SInv}
                  | (You bought it in a shop on level 2 of the Orcish Mines)
 31552 | Orc:2    | Found Ypnullesh's Magic Scroll Shoppe.
 32124 | Orc:2    | Found a roughly hewn altar of Beogh.
 32405 | D:12     | Noticed Frances
 32418 | D:12     | Killed Frances
 32586 | D:12     | Noticed Snorg
 32597 | D:12     | Killed Snorg
 32603 | D:12     | Identified the +4 glaive of the Middle {freeze, Str+3
                  | Int+4}
 32612 | D:12     | Reached skill level 5 in Evocations
 33119 | D:12     | Found Wearph's Armour Shop.
 33186 | D:12     | Noticed Erolcha
 33194 | D:12     | Killed Erolcha
 33268 | D:12     | Noticed Nergalle
 33282 | D:12     | Killed Nergalle
 33673 | D:12     | Reached skill level 11 in Invocations
 35345 | D:14     | Reached skill level 12 in Invocations
 35353 | D:14     | Reached skill level 15 in Shields
 35960 | D:14     | Found a gate to the Vaults.
 35986 | D:14     | Reached XP level 16. HP: 158/176 MP: 25/25
 36200 | Orc:2    | Bought a scroll of brand weapon for 740 gold pieces
 37039 | D:14     | Noticed Nessos
 37047 | D:14     | Killed Nessos
 37048 | D:14     | Reached skill level 13 in Invocations
 37508 | D:15     | Entered Level 15 of the Dungeon
 37531 | D:15     | Found a staircase to the Depths.
 38711 | Snake:1  | Entered Level 1 of the Snake Pit
 39047 | Snake:1  | Noticed Aizul
 39048 | Snake:1  | Noticed Asterion
 39058 | Snake:1  | Noticed an Executioner
 39086 | Snake:1  | Killed Aizul
 39697 | Snake:1  | Killed Asterion
 39698 | Snake:1  | Reached skill level 14 in Invocations
 40134 | Snake:1  | Noticed Josephine
 40140 | Snake:1  | Killed Josephine
 41946 | Snake:2  | Noticed Azrael
 42454 | Snake:2  | Killed Azrael
 42476 | Snake:2  | Reached skill level 10 in Evocations
 42923 | Snake:2  | Reached skill level 15 in Invocations
 42923 | Snake:2  | Reached XP level 17. HP: 171/184 MP: 28/28
 44039 | Snake:2  | Identified the +7 leather armour "Epiucriawn" {Rampage Fly
                  | rN++ Dex-3}
 44842 | Snake:3  | Found a flickering gateway to a bazaar.
 44848 | Bazaar   | Entered a bazaar
 44856 | Bazaar   | Found Dusivur's Book Shop.
 44856 | Bazaar   | Found Haesunodd's Book Shop.
 44934 | Snake:3  | Found Yghuc's Antique Armour Shoppe.
 44942 | Snake:3  | Bought a runed kite shield for 202 gold pieces
 44990 | Snake:3  | Noticed Saint Roka
 45014 | Snake:3  | Killed Saint Roka
 45015 | Snake:3  | Reached skill level 16 in Invocations
 45546 | Snake:3  | Found a runed translucent door.
 46956 | Snake:3  | Reached skill level 17 in Invocations
 47104 | Snake:3  | Found Jaleh's Armour Shoppe.
 47114 | Snake:3  | Bought the +6 scale mail of Unambiguity {rF+ rN++ Str+4
                  | Stlth+} for 1324 gold pieces
 47685 | Snake:4  | Entered Level 4 of the Snake Pit
 48380 | Snake:4  | Reached skill level 18 in Invocations
 48602 | Snake:4  | Found Udecluj's General Store.
 48608 | Snake:4  | Reached XP level 18. HP: 177/193 MP: 31/31
 49616 | Snake:4  | Got a serpentine rune of Zot
 50508 | Spider:1 | Entered Level 1 of the Spider Nest
 50538 | Spider:1 | Reached skill level 19 in Invocations
 52924 | Spider:2 | Reached skill level 20 in Invocations
 54633 | Spider:3 | Reached XP level 19. HP: 111/200 MP: 33/33
 55316 | Spider:3 | Reached skill level 21 in Invocations
 56073 | Spider:4 | Entered Level 4 of the Spider Nest
 56270 | Spider:4 | Found a frozen archway.
 56286 | IceCv    | Entered an ice cave
 56937 | IceCv    | Identified the +1 ring mail "Nydelyza" {Fly rN+ Stlth+}
 57286 | IceCv    | Got the Catalogue of the Frostbite
 57606 | Spider:4 | Reached skill level 22 in Invocations
 57718 | Spider:4 | HP: 5/200 [torpor snail simulacrum (27)]
 59527 | Spider:4 | Got a gossamer rune of Zot
 59896 | Elf:1    | Entered Level 1 of the Elven Halls
 59922 | Elf:1    | Reached XP level 20. HP: 136/210 MP: 35/35
 60375 | Elf:1    | Reached skill level 23 in Invocations
 61089 | Elf:1    | Identified the +2 robe of a Labyrinth {rElec Slay+3 SInv}
 61501 | Elf:1    | Identified a +9 broad axe of distortion (a +7 broad axe of
                  | freezing corrupted by Lugonu)
 61501 | Elf:1    | Received a gift from Lugonu
 62498 | Elf:2    | Found Onyloo's Magic Scroll Shoppe.
 62744 | Elf:2    | Paralysed by an air elemental for 1 turns
 62755 | Elf:2    | Paralysed by an air elemental for 1 turns
 62818 | Elf:2    | Reached skill level 24 in Invocations
 63012 | Elf:2    | Found a runed translucent gate.
 63012 | Elf:2    | Found a runed translucent gate.
 63012 | Elf:2    | Found a runed translucent gate.
 63769 | Elf:3    | Entered Level 3 of the Elven Halls
 63802 | Elf:3    | Paralysed by an air elemental for 1 turns
 63804 | Elf:3    | Paralysed by an air elemental for 1 turns
 64476 | Elf:3    | Reached XP level 21. HP: 127/217 MP: 37/37
 64511 | Elf:3    | Found the +10 morningstar "Eos" {elec, Halo rElec}
 64529 | Elf:3    | Identified the +10 great sword of Arbitration {flame,
                  | rElec}
 64531 | Elf:3    | Identified the +4 falchion "Wyvu" {flame, Fly Str+3 SInv}
 64539 | Elf:3    | Found an ancient bone altar of Kikubaaqudgha.
 64555 | Elf:3    | Reached skill level 25 in Invocations
 64561 | Elf:3    | Identified the +1 falchion of Peace {flame, *Noise Fly
                  | Will++ rCorr}
 65632 | Elf:3    | Found Geha's Weapon Emporium.
 66148 | Elf:3    | Killed from afar by a deep elf annihilator

Illustrated notes

Levels and vault maps discovered:
D:1:      erik_arrival_triangle_medium, layout_loops_ring,
          hellmonk_ecumenical_altar_lost_god, minmay_pentomino_u4
D:2:      cheibrodos_helix_gallery, layout_basic, minmay_tree_intersection,
          minmay_increasing_density
D:3:      layout_loops_ring, bloody_trog, corexii_corridor_pit, roderic_batcave
D:4:      layout_cave_pods
D:5:      layout_rooms
D:6:      layout_loops_corners, mainiacjoe_overflow_small_starburst,
          minmay_temple_entry_waves, cheibrodos_sewer_entry_drain,
          chequers_serial_rivers_micro_d, hangedman_minor_gate_pass,
          uniq_menkaure
D:7:      layout_rooms
D:8:      cheibrodos_grave_circle, layout_basic, enter_bailey_5, grunt_potential
D:9:      layout_cave_pools, erik_lair_orcish_takeover, david_orc_3,
          nrook_pool_corridor, st_stairs_3
D:10:     layout_rooms, chequers_temple_overflow_statue_of_worship,
          hellmonk_guarded_unrand_lears
D:11:     layout_irregular_city
D:12:     layout_long_grid, serial_shops, shop, grunt_ministairs_8, uniq_snorg,
          uniq_frances, uniq_erolcha, uniq_nergalle
D:13:     layout_cave_pools, lightli_minifort
D:14:     cheibrodos_fzero, layout_grid_maze, erik_vaults_2,
          chequers_hall_statues_wall_a, uniq_nessos
D:15:     gammafunk_depths_entry_grave, layout_loops_cross,
          minmay_misc_feat_hallway, hangedman_devilish_allure
Lair:1:   layout_gridlike, chequers_serial_rivers_room_a, st_stairs_5,
          lemuel_fruit_fields
Lair:2:   layout_cave_pods
Lair:3:   dragon1_lemuel, layout_cave_pods, minmay_snake_entry_six_corridors,
          spider_nest_entry_webs, lemuel_fruit_fields, lemuel_fruit_tree,
          uniq_gastronok
Lair:4:   layout_long_grid
Lair:5:   layout_cellular_growth, dpeg_slime_entry_enclosed_altar,
          serial_bayou_pond_e, beast_lair_carwin_10
Lair:6:   cheibrodos_lair_end_hotspot, layout_cave_pods
Snake:1:  layout_chambers, st_stairs_11, corexii_hall_statues_i,
          grunt_megastairs_3, uniq_aizul, uniq_asterion, uniq_josephine
Snake:2:  layout_cave_pods, uniq_azrael
Snake:3:  cheibrodos_toxic_ritual, layout_layer_cave, serial_shops,
          bzr_entry_safe, shop, shop_fountains, uniq_saint_roka
Snake:4:  minmay_snake_end_coiled, layout_cave_town, serial_shops, shop
Spider:1: spiders_nest_a, nicolae_spider_webbed_stairs
Spider:2: layout_spider_delve
Spider:3: layout_spider_delve
Spider:4: grunt_spider_rune_parallel, portal_ice_cave_entry_ice_statue_one
Orc:1:    layout_caves, serial_shops, nicolae_lakefront_shop
Orc:2:    st_orc_town, layout_caves
Elf:1:    layout_loops_cross, minmay_elf_crystal_hexagon, drop_trap
Elf:2:    elven_hall_of_blades_hangedman_original [mumra_blade_entry_dagger],
          layout_onion_city, serial_shops, shop, st_stairs_12
Elf:3:    minmay_elf_hall_four_x, layout_rooms, basic_altar, serial_shops,
          nicolae_shop_crystal, nrook_uturn

Skill      XL: |  1  2  3  4  5  6  7  8  9 10 11 12 13 14 15 16 17 18 19 20 21 |
---------------+----------------------------------------------------------------+-----
Dodging        | 1 3 5 |  5.0
Axes           | 3 4 5 6 8 9 14 15 18 | 18.0
Fighting       | 4 5 6 10 14 16 19 | 19.0
Invocations    | 3 4 5 6 8 9 12 15 18 20 22 24 25 | 25.0
Armour         | 3 5 9 10 | 10.0
Shields        | 4 5 9 13 15 16 18 20 22 23 24 | 24.4
Evocations     | 3 7 10 | 10.0

Action                   |  1- 3 |  4- 6 |  7- 9 | 10-12 | 13-15 | 16-18 | 19-21 || total
-------------------------+-------+-------+-------+-------+-------+-------+-------++-------
Melee: Hand axe          |   124 |    93 |       |   555 |   972 |    33 |       ||  1777
       Punch             |     3 |       |     3 |       |       |       |       ||     6
       Mace              |       |   103 |   251 |       |       |       |       ||   354
       War axe           |       |       |    82 |    77 |       |       |       ||   159
       Broad axe         |       |       |       |       |       |  1032 |   813 ||  1845
       Morningstar       |       |       |       |       |       |       |   104 ||   104
Invok: Banish            |       |     1 |     2 |     4 |     9 |     4 |       ||    20
       Depart the Abyss  |       |       |       |       |     1 |       |       ||     1
       Enter the Abyss   |       |       |       |       |     1 |       |       ||     1
       Bend Space        |       |       |       |       |       |     1 |       ||     1
       Brand Weapon With |       |       |       |       |       |       |     1 ||     1
Evoke: Wand              |       |       |       |     1 |       |     2 |     3 ||     6
       Phial of floods   |       |       |       |       |       |       |     1 ||     1
  Use: Scroll            |       |       |    13 |     9 |     3 |    11 |     9 ||    45
       Potion            |       |       |     4 |     5 |     1 |     3 |     6 ||    19
 Stab: Sleeping          |       |       |       |       |       |     1 |     2 ||     3
Armor: Leather armour    |    41 |     9 |       |       |       |       |       ||    50
       Ring mail         |       |   114 |     1 |       |       |       |       ||   115
       Chain mail        |       |       |   181 |   296 |    76 |       |       ||   553
       Skin              |       |       |    30 |       |       |       |       ||    30
       Plate armour      |       |       |       |    22 |   275 |   156 |       ||   453
       Scale mail        |       |       |       |       |       |   181 |   291 ||   472
Dodge: Dodged            |    73 |   144 |   128 |   282 |   261 |   328 |   310 ||  1526
Block: Buckler           |       |       |    41 |   182 |    34 |       |       ||   257
       Tower shield      |       |       |       |       |   643 |   502 |       ||  1145
       Reflection        |       |       |       |       |    26 |   113 |    85 ||   224
       Kite shield       |       |       |       |       |       |   682 |   855 ||  1537

Table legend: (Time is in decaauts)
 A = Elapsed time spent in this place.
 B = Non-inter-level travel time spent in this place.
 C = Inter-level travel time spent in this place.
 D = Time resting spent in this place.
 E = Time spent auto-exploring this place.
 F = Levels seen in this place.
 G = Mean time per level.
                   A        B        C        D        E       F      G
               +--------+--------+--------+--------+--------+-----+--------+
         Total |  65592 |  62687 |   2905 |  27841 |  26547 |  39 | 1681.8 |
       Dungeon |  25840 |  24524 |   1316 |  10295 |  11093 |  15 | 1722.7 |
          Lair |   8845 |   8388 |    457 |   2233 |   5118 |   6 | 1474.2 |
     Snake Pit |  11302 |  10843 |    459 |   5183 |   4364 |   4 | 2825.5 |
   Spider Nest |   7941 |   7589 |    352 |   4117 |   2481 |   4 | 1985.2 |
  Orcish Mines |   3955 |   3765 |    190 |   2079 |   1221 |   2 | 1977.5 |
   Elven Halls |   5510 |   5381 |    129 |   2543 |   1837 |   3 | 1836.7 |
         Abyss |      7 |      7 |      0 |      0 |      1 |   2 |    3.5 |
        Bazaar |     76 |     76 |      0 |      0 |     36 |   1 |   76.0 |
         Sewer |    873 |    873 |      0 |    702 |     94 |   1 |  873.0 |
      Ice Cave |   1238 |   1238 |      0 |    689 |    301 |   1 | 1238.0 |
               +--------+--------+--------+--------+--------+-----+--------+

Top non-repeatable levels by time:
Spider:1: 3512 daAuts
 Snake:1: 3444 daAuts
 Snake:2: 2799 daAuts
     D:7: 2728 daAuts
     D:6: 2655 daAuts
 Snake:4: 2626 daAuts
   Elf:2: 2606 daAuts
   Orc:2: 2580 daAuts
  Lair:6: 2468 daAuts
     D:2: 2452 daAuts
 Snake:3: 2431 daAuts
Spider:4: 2376 daAuts
     D:8: 1858 daAuts
     D:9: 1784 daAuts
  Lair:3: 1769 daAuts
